Map: Proxima Station LE

Players

LiquidTLO (TLO)

  • Race: Zerg Zerg
  • Spawn Location: 1:00

BLY - Winner!

  • Race: Zerg Zerg
  • Spawn Location: 7:00

Event: IEM XI Katowice - World Championship 2017

VOD

Have the link to the VOD?

Description

Time

  • Played on: Feb. 27, 2017, 5:26 a.m.
  • Length: 16:38

All games in this series

Show
View Real Time Build Order
Export as new Build Order

LiquidTLO Zerg 

Build Orders: Hatch First 

Get SALT Encoding   

  12  0:01  Drone  
  13  0:12  Overlord  
  13  0:17  Drone  
  14  0:31  Drone x2  
  16  0:36  Drone  
  17  0:52  Hatchery  
  17  0:55  Drone  
  17  1:08  Spawning Pool  
  16  1:11  Drone  
  16  1:15  Drone  
  16  1:18  Drone  
  19  1:20  Extractor  
  18  1:28  Drone  
  19  1:38  Overlord  
  19  1:56  Zergling x2, Queen  
  22  2:01  Drone  
  22  2:04  Queen, Drone  
  26  2:10  Drone  
  26  2:15  Drone  
  28  2:24  Hatchery  
  28  2:27  Drone  
  28  2:36  Queen  
  30  2:42  Overlord  
  30  2:47  Drone  
  30  2:49  Drone  
  32  2:52  Drone  
  32  2:53  Drone  
  32  2:57  Drone  
  34  3:03  Evolution Chamber, Drone  
  34  3:09  Drone x2  
  36  3:15  Drone  
  36  3:16  Drone x2  
  39  3:22  Roach Warren  
  39  3:26  Overlord  
  38  3:30  Zerg Missile Weapons Level 1  
  38  3:33  Extractor  
  37  3:36  Drone  
  37  3:40  Evolution Chamber  
  37  3:43  Drone  
  37  3:47  Drone x3  
  41  3:53  Drone  
  42  3:55  Overlord  
  42  4:05  Roach x4  
  42  4:06  Roach  
  52  4:11  Lair  
  52  4:12  Drone  
  52  4:14  Roach  
  55  4:18  Drone  
  55  4:19  Drone x2  
  55  4:21  Drone  
  59  4:29  Drone x2  
  59  4:30  Drone  
  61  4:32  Overlord  
  61  4:33  Drone  
  61  4:38  Drone  
  63  4:39  Drone  
  63  4:40  Drone  
  63  4:42  Drone  
  63  4:43  Overlord  
  66  4:46  Overlord  
  66  4:47  Extractor  
  66  4:49  Overlord  
  66  4:52  Drone  
  66  4:53  Drone  
  66  4:59  Drone x5  
  72  5:04  Extractor, Drone x2  
  74  5:07  Drone  
  74  5:09  Drone  
  74  5:12  Glial Reconstitution  
  75  5:15  Evolution Chamber  
  75  5:16  Roach  
  75  5:19  Roach  
  75  5:20  Roach  
  80  5:23  Roach  
  80  5:25  Drone  
  80  5:27  Extractor x2, Drone  
  80  5:28  Infestation Pit, Drone x2  
  82  5:29  Roach  
  82  5:33  Zerg Missile Weapons Level 2  
  82  5:34  Drone  
  86  5:36  Drone  
  86  5:38  Zergling x2, Drone  
  86  5:42  Drone x2  
  91  5:51  Roach x2  
  91  5:52  Roach x3  
  91  5:56  Roach  
  95  5:57  Roach  
  95  5:58  Overlord  
  95  6:03  Overlord  
  95  6:04  Overlord  
  97  6:06  Drone  
  97  6:07  Overlord  
  97  6:08  Overseer  
  98  6:12  Zerg Ground Armor Level 1  
  98  6:18  Roach x3  
  102  6:20  Roach  
  102  6:21  Roach  
  102  6:23  Roach  
  102  6:25  Roach  
  112  6:29  Roach  
  112  6:31  Roach  
  112  6:34  Roach  
  112  6:36  Roach x2  
  112  6:37  Roach  
  112  6:38  Roach x2  
  124  6:42  Roach x2  
  124  6:44  Roach  
  130  6:50  Overlord  
  119  7:02  Overlord  
  119  7:05  Queen  
  119  7:08  Queen x2  
  113  7:09  Infestor x3  
  113  7:16  Infestor  
  115  7:23  Spore Crawler  
  115  7:24  Spore Crawler  
  115  7:25  Spore Crawler  
  115  7:29  Spore Crawler  
  109  7:30  Drone  
  109  7:32  Spore Crawler  
  109  7:33  Roach  
  111  7:37  Roach  
  111  7:41  Queen  
  111  7:43  Queen, Roach  
  113  7:44  Burrow  
  113  7:48  Roach  
  113  7:50  Roach  
  113  7:51  Roach x3  
  121  7:53  Roach  
  112  8:00  Roach  
  112  8:02  Roach x2  
  112  8:05  Roach  
  111  8:06  Roach  
  111  8:10  Tunneling Claws  
  111  8:12  Roach  
  115  8:15  Roach  
  115  8:16  Roach  
  115  8:17  Queen  
  115  8:19  Queen, Drone x2  
  120  8:21  Drone  
  120  8:24  Drone  
  122  8:29  Roach  
  122  8:32  Drone  
  122  8:33  Drone x2  
  127  8:39  Roach  
  127  8:40  Roach  
  129  8:45  Roach x26  
  129  8:47  Roach  
  128  8:48  Overlord x2  
  128  8:53  Spore Crawler  
  128  8:54  Spore Crawler  
  123  8:56  Roach x24  
  123  8:59  Queen, Overlord  
  123  9:02  Overlord  
  121  9:07  Roach x2  
  123  9:10  Zerg Ground Armor Level 2  
  123  9:12  Drone  
  123  9:15  Hydralisk Den  
  123  9:21  Overlord x2  
  123  9:26  Roach x24  
  123  9:27  Roach x2  
  123  9:44  Hydralisk x5  
  131  9:47  Ravager x2  
  131  9:48  Roach  
  131  9:49  Roach x5  
  131  9:51  Ravager  
  146  9:58  Roach x13  
  135  10:06  Roach  
  123  10:07  Roach x3  
  123  10:08  Roach x4  
  137  10:15  Infestor x2  
  137  10:21  Overlord x2  
  141  10:23  Roach  
  141  10:26  Roach  
  141  10:27  Hatchery  
  144  10:35  Roach  
  146  10:41  Infestor  
  148  10:45  Hydralisk x2, Overlord  
  148  10:46  Hydralisk  
  154  10:52  Overlord  
  154  10:53  Overlord  
  154  10:55  Overlord  
  154  11:01  Overlord  
  152  11:04  Muscular Augments  
  152  11:05  Hydralisk x2  
  152  11:06  Roach  
  152  11:09  Roach  
  160  11:13  Hydralisk  
  160  11:14  Hydralisk x5  
  160  11:15  Roach  
  160  11:18  Roach  
  166  11:20  Roach  
  166  11:21  Roach  
  172  11:25  Roach  
  172  11:26  Roach  
  172  11:29  Roach  
  172  11:32  Roach  
  178  11:35  Hydralisk  
  180  11:40  Roach  
  180  11:43  Overseer, Overlord  
  180  11:44  Roach  
  180  11:45  Overlord  
  184  11:51  Ravager  
  185  11:58  Roach  
  185  12:00  Roach x2  
  189  12:08  Hydralisk  
  189  12:09  Hydralisk  
  189  12:13  Hydralisk  
  189  12:15  Hydralisk  
  195  12:23  Roach  
  195  12:28  Roach x2  
  195  12:29  Roach x2  
  183  12:30  Roach  
  183  12:34  Hydralisk  
  163  12:37  Hydralisk  
  163  12:42  Roach  
  141  12:44  Roach  
  141  12:45  Roach  
  141  12:50  Roach x2  
  141  12:51  Roach  
  151  12:53  Roach  
  151  12:56  Roach  
  151  12:57  Drone x2  
  157  12:58  Roach  
  157  12:59  Roach  
  157  13:00  Roach  
  157  13:05  Roach x2  
  167  13:07  Roach x2  
  167  13:11  Roach  
  167  13:12  Roach  
  175  13:13  Hatchery  
  175  13:17  Spore Crawler, Roach x2  
  175  13:21  Roach  
  175  13:22  Roach  
  175  13:24  Roach  
  175  13:25  Roach x16  
  177  13:29  Roach x3  
  177  13:33  Roach  
  185  13:35  Roach  
  165  13:41  Roach  
  165  13:43  Roach  
  165  13:45  Roach  
  148  13:48  Roach  
  148  13:51  Roach  
  152  13:57  Roach  
  152  14:00  Ravager  
  152  14:09  Roach  
  152  14:16  Roach  
  154  14:18  Roach  
  154  14:19  Roach  
  154  14:23  Roach x2  
  154  14:24  Hydralisk, Roach  
  161  14:27  Hydralisk  
  161  14:30  Ravager x2  
  166  14:34  Roach  
  166  14:37  Roach  
  168  14:42  Roach  
  170  14:47  Roach  
  172  14:53  Roach x48  
  172  14:54  Roach  
  172  14:56  Roach  
  172  14:59  Ravager x2  
  176  15:04  Roach  
  176  15:14  Ravager x2  
  176  15:18  Roach  
  176  15:20  Roach  
  182  15:24  Roach  
  184  15:29  Roach  
  184  15:30  Ravager  
  185  15:37  Roach  
  185  15:41  Roach  
  189  15:45  Ravager  
  189  15:49  Hydralisk x2  
  190  15:50  Roach x14  
  182  15:59  Roach  
  182  16:01  Roach x3  
  115  16:12  Roach  
Show
View Real Time Build Order
Export as new Build Order

BLY Zerg - Winner!

Build Orders: Hatch First 

Get SALT Encoding   

  12  0:01  Drone  
  13  0:13  Overlord  
  13  0:20  Drone  
  14  0:32  Drone x2  
  14  0:35  Drone  
  17  0:52  Hatchery  
  16  0:57  Drone  
  16  0:58  Drone  
  16  1:01  Extractor  
  17  1:15  Spawning Pool  
  17  1:17  Drone  
  17  1:20  Drone  
  18  1:29  Drone  
  19  1:40  Overlord  
  19  2:01  Queen, Drone  
  19  2:02  Metabolic Boost, Drone  
  19  2:04  Zergling x2  
  24  2:08  Queen  
  24  2:13  Drone  
  27  2:17  Drone  
  28  2:23  Drone  
  28  2:25  Drone  
  30  2:33  Drone  
  31  2:40  Hatchery  
  30  2:44  Drone  
  30  2:47  Overlord  
  30  3:02  Overlord, Drone x2  
  32  3:07  Queen  
  32  3:11  Zergling x6  
  32  3:12  Zergling x2  
  38  3:27  Overlord, Evolution Chamber  
  38  3:28  Drone x3  
  38  3:29  Drone  
  41  3:38  Roach Warren  
  41  3:40  Overlord  
  41  3:41  Drone  
  41  3:49  Lair  
  41  3:50  Drone  
  41  3:53  Extractor  
  41  3:57  Drone x3  
  41  4:02  Extractor  
  42  4:04  Drone x2  
  42  4:09  Drone x3  
  46  4:13  Zerg Missile Weapons Level 1  
  45  4:19  Overlord  
  45  4:22  Drone x2  
  47  4:26  Overlord  
  46  4:36  Overlord  
  46  4:39  Extractor  
  46  4:45  Zergling x12  
  50  4:46  Zergling x2  
  50  4:49  Spire  
  51  4:53  Drone x3  
  51  4:59  Glial Reconstitution  
  54  5:06  Drone x2  
  56  5:08  Overlord  
  56  5:09  Drone x2  
  56  5:12  Overseer  
  58  5:18  Roach x3  
  64  5:23  Roach  
  66  5:29  Overlord  
  66  5:31  Roach x3  
  71  5:37  Drone x3  
  71  5:39  Extractor  
  71  5:40  Extractor  
  69  5:50  Drone x5  
  69  5:52  Drone x3  
  69  5:56  Drone  
  69  5:57  Drone x2  
  76  5:59  Drone x2  
  78  6:10  Mutalisk x3  
  84  6:13  Mutalisk  
  84  6:16  Mutalisk  
  88  6:20  Mutalisk  
  88  6:24  Mutalisk  
  88  6:33  Roach x2  
  88  6:36  Roach  
  88  6:37  Roach x4  
  98  6:42  Roach x3  
  98  6:46  Evolution Chamber  
  105  6:47  Roach  
  105  6:50  Unknown  
  105  6:51  Roach x3  
  107  6:56  Roach x2  
  107  7:01  Roach x2  
  111  7:04  Roach x2  
  110  7:12  Roach x2  
  114  7:18  Zerg Flyer Weapons Level 1  
  114  7:24  Zerg Missile Weapons Level 2  
  114  7:26  Overlord  
  114  7:27  Overlord  
  114  7:36  Queen  
  104  7:55  Hatchery  
  97  7:58  Roach x5  
  97  7:59  Roach  
  97  8:07  Roach x8  
  109  8:15  Roach x2  
  109  8:16  Roach x2  
  115  8:20  Roach x4  
  115  8:22  Mutalisk  
  115  8:23  Overseer  
  115  8:25  Overseer  
  119  8:31  Roach  
  119  8:33  Overlord  
  119  8:34  Overlord  
  121  8:36  Overlord  
  119  8:48  Mutalisk  
  119  8:53  Overlord  
  119  8:54  Drone  
  122  8:56  Tunneling Claws  
  122  8:57  Burrow  
  120  9:13  Drone  
  121  9:18  Roach  
  121  9:19  Roach x11  
  145  9:25  Overseer  
  145  9:31  Ravager x8  
  148  9:32  Overlord  
  148  9:34  Overseer  
  151  9:41  Zerg Ground Armor Level 1  
  151  9:48  Overlord x2  
  117  10:07  Roach x7  
  117  10:08  Roach x5  
  117  10:13  Drone x2  
  117  10:14  Drone  
  144  10:17  Overseer  
  144  10:23  Roach x6  
  144  10:24  Ravager x2  
  144  10:25  Ravager x2  
  160  10:29  Queen  
  160  10:32  Spore Crawler  
  161  10:42  Roach x6  
  173  10:53  Roach  
  173  10:55  Overlord x2  
  175  10:57  Ravager  
  175  11:03  Pneumatized Carapace  
  176  11:06  Spine Crawler x2  
  172  11:12  Overlord x2  
  172  11:25  Mutalisk x6  
  184  11:39  Drone x2  
  187  11:40  Drone  
  187  11:44  Roach x6  
  199  11:53  Drone  
  196  12:11  Roach  
  196  12:12  Roach x4  
  198  12:23  Zerg Ground Armor Level 2  
  170  12:34  Roach  
  170  12:35  Queen, Roach x7  
  170  12:36  Queen x2  
  153  12:42  Roach x18  
  139  12:54  Roach x8  
  139  12:55  Roach x4  
  151  12:59  Roach x2  
  155  13:06  Roach  
  155  13:07  Roach x3, Ravager x2  
  155  13:10  Roach x3  
  163  13:26  Roach  
  163  13:29  Roach x8  
  163  13:30  Roach  
  181  13:34  Roach  
  181  13:35  Roach x2  
  177  13:43  Roach x2  
  177  13:44  Roach x4  
  189  13:50  Roach x2  
  191  13:59  Roach x3  
  183  14:16  Roach x6  
  191  14:18  Overlord  
  191  14:19  Ravager  
  186  14:27  Ravager  
  186  14:28  Ravager  
  188  14:38  Ravager x6  
  188  15:00  Hatchery  
  187  15:14  Roach x4  
  187  15:17  Extractor  
  187  15:18  Ravager x3  
  187  15:20  Ravager x3  
  187  15:21  Ravager x5  
  197  15:24  Drone x3  
  197  15:27  Spine Crawler x2, Extractor  
  197  15:28  Spine Crawler  
  196  15:29  Spine Crawler  
  196  15:30  Spine Crawler  
  180  16:00  Roach x10  
  180  16:01  Infestation Pit  
  148  16:04  Roach  
  148  16:05  Roach x4  
  148  16:07  Roach  
  148  16:08  Roach x3  
  137  16:14  Roach x9  
  137  16:17  Roach  
  137  16:18  Roach x2  

Tags
 
Add a new tag
Caveats
  • Supply blocks, unpowered buildings, or Contaminate may cause inaccurate times.
  • Supply counts are checked every 10 seconds.